 Dungeon Crawl Stone Soup version 0.28-a0-114-g2bf3c13a2f (webtiles) character file.

Game seed: 8740922742024122107

185 Rennog the Slasher (level 5, 0/42 HPs)
             Began as a Demonspawn Fighter on Aug 12, 2021.
             Slain by a scorpion (2 damage)
             ... on level 4 of the Dungeon.
             The game lasted 00:04:51 (3568 turns).

Rennog the Slasher (Demonspawn Fighter)             Turns: 3568, Time: 00:04:51

Health: 0/42       AC: 10    Str: 16    XL:     5   Next: 37%
Magic:  5/5        EV:  4    Int: 10    God:
Gold:   133        SH: 14    Dex: 19    Spells: 4/4 levels left

rFire   . . .      SeeInvis .   a - +0 long sword
rCold   . . .      Faith    .   c - +0 kite shield
rNeg    . . .      Spirit   .   u - +0 chain mail
rPois   .          Reflect  +   (helmet restricted)
rElec   .          Harm     .   (no cloak)
rCorr   .          Rampage  .   (no gloves)
Will    .....                   r - +0 pair of boots
Stlth   ..........              n - amulet of reflection
HPRegen 0.14/turn               l - +6 ring of dexterity
MPRegen 0.09/turn               (no ring)

@: no status effects
A: antennae 1, powered by death 1
a: no special abilities


You were on level 4 of the Dungeon.
You visited 1 branch of the dungeon, and saw 4 of its levels.

You collected 133 gold pieces.

Inventory:

Hand Weapons
 a - a +0 long sword (weapon)
Armour
 b - a +0 scale mail
 c - a +0 kite shield (worn)
 r - a +0 pair of boots (worn)
 u - a +0 chain mail (worn)
Jewellery
 l - a +6 ring of dexterity (left hand)
 n - an amulet of reflection (around neck)
Scrolls
 f - a scroll of immolation {unknown}
 g - a scroll of fog {unknown}
 h - a scroll of enchant weapon {unknown}
 j - a scroll of enchant armour {unknown}
 m - a scroll of teleportation {unknown}
 q - a scroll of magic mapping {unknown}
 s - a scroll of brand weapon {unknown}
 t - a scroll of noise {unknown}
 v - a scroll of vulnerability {unknown}
 w - a scroll of fear {unknown}
Potions
 d - a potion of might
 e - 2 potions of invisibility {unknown}
 i - a potion of curing {unknown}
 k - a potion of haste {unknown}
 o - a potion of resistance {unknown}
 p - a potion of brilliance {unknown}


   Skills:
 + Level 4.2 Fighting
 * Level 4.3 Long Blades
 - Level 2.6 Armour
 - Level 2.6 Shields


You had 4 spell levels left.
You didn't know any spells.
Your spell library contained the following spells:

 Spells                   Type           Power      Damage    Failure   Level
 Pain                     Necr           0%         1d4       100%        1
 Sandblast                Erth           0%         2d4       100%        1
 Passwall                 Tmut/Erth      0%         N/A       100%        2
 Agony                    Necr           0%         N/A       100%        5
 Excruciating Wounds      Necr           0%         N/A       100%        5
 Lee's Rapid Deconstruct  Erth           0%         3d5*      100%        5


Dungeon Overview and Level Annotations

Branches:
Dungeon (4/15)
 Temple: D:4-7

Altars:


Innate Abilities, Weirdness & Mutations

You have a pair of small antennae on your head.
You regenerate a little health from kills.


Message History

You kill the adder!
You feel sick.
You are no longer poisoned.
The iguana bites you.
You hit the iguana but do no damage.
The iguana is lightly wounded.
You block the iguana's attack.
You slash the iguana!
The iguana is severely wounded.
The iguana bites you!
* * * LOW HITPOINT WARNING * * *
The iguana barely misses you.
You slash the iguana!
You kill the iguana!
You block the scorpion's attack.
You hit the scorpion but do no damage.
The scorpion is lightly wounded.
You block the scorpion's attack. The scorpion barely misses you.
You riposte.
You slash the scorpion!
The scorpion is heavily wounded.
You hit the scorpion but do no damage.
The scorpion is heavily wounded.
You block the scorpion's attack. x2
You hit the scorpion.
The scorpion is severely wounded.
You block the scorpion's attack.
You barely miss the scorpion.
The scorpion is severely wounded.
You block the scorpion's attack. x2
You hit the scorpion but do no damage.
The scorpion is severely wounded.
The scorpion stings you!
* * * LOW HITPOINT WARNING * * *
You block the scorpion's attack.
You closely miss the scorpion.
The scorpion is severely wounded.
The scorpion stings you.
* * * LOW HITPOINT WARNING * * *
The scorpion stings you.
You die...

.. ..###. .####...........o.
..## ... ...........>.....
#....## .. .......##......
#........ #. #......##.....##
........#
#.###......#...o...#
........###..##............o.
# .........##...##@#
#...K.##...
.........###...#s# ##..#....
.........†##.s..w#
##.........
.............##.##
####.#........
..........†..####
#.............
.#.........#....#
#............#
##.....w####...#
##...........# #......#
#...## #...####....##
.........#
##....###............


You could see a scorpion and a dart slug.

Vanquished Creatures
  An orc priest (D:4)
  An iguana (D:4)
  A gnoll (D:2)
  3 adders
  6 dart slugs
  3 orcs (D:4)
  7 ball pythons
  4 bats (D:1)
  8 endoplasms
  3 giant cockroaches
  6 goblins
  7 hobgoblins
  4 jackals
  5 kobolds
  8 quokkas
  A frilled lizard (D:3)
68 creatures vanquished.

Notes
Turn   | Place    | Note
-------+----------+-------------------------------------------
     0 | D:1      | Rennog the Demonspawn Fighter began the quest for the Orb.
     0 | D:1      | Reached XP level 1. HP: 18/18 MP: 1/1
   275 | D:1      | Gained mutation: You have a pair of small antennae on your
                  | head. [demonic ancestry]
   275 | D:1      | Reached XP level 2. HP: 18/24 MP: 2/2
   762 | D:1      | Reached XP level 3. HP: 28/29 MP: 3/3
   829 | D:1      | Found a faded altar of an unknown god.
  2186 | D:2      | Gained mutation: You regenerate a little health from kills.
                  | [demonic ancestry]
  2186 | D:2      | Reached XP level 4. HP: 37/37 MP: 4/4
  3451 | D:4      | Reached XP level 5. HP: 34/42 MP: 5/5
  3568 | D:4      | HP: 2/42 [scorpion (4)]
  3568 | D:4      | Slain by a scorpion

Illustrated notes

Levels and vault maps discovered:
D:1:      psy_arrival_basics, layout_basic, ebering_ecumenical_altar_webs
D:2:      layout_loops_ring, grunt_ministairs_4
D:3:      layout_basic
D:4:      layout_cave_pools, uniq_menkaure

Skill      XL: |  1  2  3  4 |
---------------+-------------+-----
Long Blades    | 2 3 4 |  4.3
Fighting       | 4 |  4.2
Armour         | |  2.6
Shields        | |  2.6

Action                   |  1- 3 |  4- 6 || total
-------------------------+-------+-------++-------
Melee: Long sword        |   123 |    85 ||   208
Armor: Scale mail        |    72 |     7 ||    79
       Chain mail        |       |    28 ||    28
Dodge: Dodged            |    42 |    15 ||    57
Block: Kite shield       |    59 |    68 ||   127
       Reflection        |       |     2 ||     2
       Rpst.: Long sword |    12 |     5 ||    17

Table legend: (Time is in decaauts)
 A = Elapsed time spent in this place.
 B = Non-inter-level travel time spent in this place.
 C = Inter-level travel time spent in this place.
 D = Time resting spent in this place.
 E = Time spent auto-exploring this place.
 F = Levels seen in this place.
 G = Mean time per level.
                   A        B        C        D        E       F      G
               +--------+--------+--------+--------+--------+-----+--------+
         Total |   3669 |   3554 |    115 |      0 |   3004 |   4 |  917.2 |
       Dungeon |   3669 |   3554 |    115 |      0 |   3004 |   4 |  917.2 |
               +--------+--------+--------+--------+--------+-----+--------+

Top non-repeatable levels by time:
     D:1: 1444 daAuts
     D:2: 1139 daAuts
     D:3: 905 daAuts
     D:4: 180 daAuts
